groovejumper, neutral female human Wizard ----- |...| ########################################+...| #####################################################(#### |...| --------- # # ### -------------# ----------- # |.).| |....)...## |`.........*+## ..........=| ##....| |.>.....| |.....`.....|# ...| |...| |.....%%%## |...-----...| | ----- --------- |...|.{...%.| |..`|{.{|`..| |...|.{.|...| |...-----...| |.....*.....| |`.........`| #@f ------------- groovejumper the Thaumaturge Experience level: 7 Strength: 11 Dexterity: 11 Constitution: 13 Intelligence: 18 Wisdom: 14 Charisma: 11 Health: 0(55) Energy: 3(70) AC: 7 Gold: 538 Moves: 4468 Your Inventory: Coins $ - 538 gold pieces Weapons a - a blessed +1 quarterstaff (weapon in hands) Armor C - a blessed +1 pair of water walking boots (being worn) G - an uncursed +0 cloak of magic resistance (being worn) Scrolls j - an [uncursed] scroll of scare monster l - 2 [uncursed] scrolls labeled NR 9 [of magic mapping] Spellbooks m - an [uncursed] tan spellbook [of dig] Wands n - an uncursed wand of teleportation (0:7) Tools b - an uncursed sack B - an uncursed blindfold Contents of the sack: an uncursed amulet of ESP 4 uncursed food rations an [uncursed] tripe ration an uncursed scroll of enchant armor an uncursed scroll of gold detection an uncursed scroll of light an uncursed spellbook of fireball a blessed spellbook of force bolt an uncursed spellbook of identify an uncursed spellbook of magic missile an uncursed potion of booze an uncursed potion of confusion an uncursed potion of hallucination an uncursed potion of healing an uncursed potion of levitation an uncursed potion of water 3 uncursed potions of water an uncursed ring of free action an uncursed +4 ring of gain constitution an uncursed wand of light (0:13) an uncursed wand of speed monster (0:6) Spells known in the end: Name Level Category Fail Memory a - force bolt 1 attack 0% [|||||||.] b - slow monster 2 enchantment 0% [|||||||.] c - magic missile 2 attack 0% [|||||||.] d - fireball 4 attack 62% [|||||||.] e - identify 3 divination 77% [|||||||.] Your skills at the end: Fighting Skills Weapon Skills quarterstaff [Basic / Expert] Spellcasting Skills attack spells [Basic / Expert] enchantment spells [Basic / Skilled] Final Attributes: You were piously aligned. Hunger level was 341. Your alignment was 31 / 32. Monster difficulty range was 1 - 7. Level difficulty was 7. You were magic-protected. You were telepathic. You could walk on water. Your luck was zero. You are dead. Vanquished creatures: 2 small mimics 2 winter wolf cubs an ice vortex a dog a dingo a human zombie a rock piercer a yellow light a gnomish wizard a kobold mummy a red naga hatchling a wax golem a giant ant a little dog a floating eye a kitten a kobold lord 6 rothes 2 Kop Sergeants an acid blob a hobbit a large kobold a hobgoblin 2 giant rats 2 cave spiders a brown mold a yellow mold a red mold 2 gnomes 5 Keystone Kops 3 geckos a jackal a fox a kobold a goblin 3 grid bugs 2 bats a lichen a kobold zombie 2 newts 61 creatures vanquished. Voluntary challenges: You were an atheist. You used a wielded weapon 65 times. You read items or engraved 50 times. You put on armor 2 times. You never genocided any monsters. You never polymorphed an object. You never changed form. You used no wishes. You wrote Elbereth's name 25 times. You never encountered a bones level. You never used any Sokoban shortcuts. Dungeon overview: The Dungeons of Doom: levels 1 to 7 Level 1 a long staircase Level 2 a general store, some sinks stairs to The Gnomish Mines Level 3 a fountain Level 4 a general store Level 7 <- You were here many fountains The Gnomish Mines: Level 3 stairs to The Dungeons of Doom History has recorded: On T:1 you entered the Dungeons of Doom to retrieve the Amulet of Yendor! On T:318 you reached level 2 of The Dungeons of Doom. On T:349 you reached level 1 of The Gnomish Mines. On T:384 you advanced to experience level 2. On T:595 you advanced to experience level 3. On T:922 you advanced to experience level 4. On T:945 you reached level 3 of The Dungeons of Doom. On T:1004 you advanced to experience level 5. On T:1686 you reached level 4 of The Dungeons of Doom. On T:2423 you advanced to experience level 6. On T:3353 you advanced to experience level 7. On T:3383 you reached level 5 of The Dungeons of Doom. On T:3899 you reached level 7 of The Dungeons of Doom. Latest messages: [2 turns] You write "Elbereth" with your fingers into the dust. (2x) [2 turns] You add "Elbereth" with your fingers to the writing in the dust. [HP+1=22] You add "Elbereth" with your fingers to the writing in the dust. The door resists! [2 turns] The door resists! The door closes. [HP+1=23] You feel a wrenching sensation. Your surroundings suddenly seem different. The panther hits! (2x) The panther bites! The panther hits! (2x) The panther bites! [HP-15=8] The panther hits! (2x) You die... Final status: Goodbye groovejumper the Wizard... You died in The Dungeons of Doom on dungeon level 7 with 3825 points, and 538 pieces of gold, after 4468 moves. You were level 7 with a maximum of 55 hit points when you died.